 Dungeon Crawl Stone Soup version 0.28-a0-595-g9f6c0e134a (webtiles) character file.

Game seed: 6714640844658273465

522 lunkers the Ruffian (level 7, -9/70 HPs)
             Began as a Troll Cinder Acolyte on Oct 5, 2021.
             Was a High Priest of Ignis.
             Mangled by a mummy (14 damage)
             ... in an ossuary.
             The game lasted 00:04:44 (2529 turns).

lunkers the Ruffian (Troll Cinder Acolyte)          Turns: 2529, Time: 00:04:44

Health: -9/70      AC:  4    Str: 29    XL:     7   Next: 1%
Magic:  7/7        EV:  9    Int: 10    God:    Ignis [*****.]
Gold:   132        SH:  0    Dex: 13    Spells: 8/8 levels left

rFire   + . .      SeeInvis .     - Unarmed
rCold   + . .      Faith    .   (no shield)
rNeg    . . .      Spirit   .   a - +0 robe
rPois   .          Reflect  .   (helmet restricted)
rElec   .          Harm     .   (no cloak)
rCorr   .          Rampage  .   (gloves unavailable)
Will    +....                   (boots unavailable)
Stlth   +.........              (no amulet)
HPRegen 1.21/turn               b - +6 ring of strength
MPRegen 0.10/turn               m - ring of Anlok {rC+ Will+ Dex+6}

@: no status effects
A: large, unfitting armour, claws 3, regeneration 1, shaggy fur 1, tough skin 1
a: Renounce Religion, Sea of Fire, Foxfire Swarm, Rising Flame


You were in an ossuary.
You worshipped Ignis.
Ignis was extremely pleased with you.
You visited 1 branch of the dungeon, and saw 4 of its levels.
You also visited: Ossuary.

You collected 132 gold pieces.

Inventory:

Armour
 a - a +0 robe (worn)
Jewellery
 b - a +6 ring of strength (left claw)
 m - the ring of Anlok (right claw) {rC+ Will+ Dex+6}
   (You found it on level 4 of the Dungeon)

   [ring of dexterity]

   Dex:       It affects your dexterity (+6).
   rC:        It protects you from cold.
   Will:      It increases your willpower.
Wands
 k - a wand of flame (27)
Scrolls
 c - a scroll of blinking {unknown}
 d - a scroll of immolation {unknown}
 f - 2 scrolls of magic mapping {unknown}
 g - a scroll of enchant armour {unknown}
 h - 3 scrolls of identify {unknown}
 j - a scroll of teleportation {unknown}
 l - a scroll of noise {unknown}
Potions
 e - a potion of might {unknown}
 i - a potion of haste {unknown}


   Skills:
 + Level 4.3 Fighting
 * Level 6.7 Unarmed Combat
 - Level 1.0 Spellcasting
 - Level 2.1 Fire Magic


You had 8 spell levels left.
You didn't know any spells.
Your spell library contained the following spells:

 Spells                   Type           Power      Damage    Failure   Level
 Scorch                   Fire           8%         2d5       22%         2


Dungeon Overview and Level Annotations

Branches:
Dungeon (4/15)            Ossuary (1/1)
 Temple: D:4-7

Altars:
Wu Jian

Shops:
D:2 :(:

Annotations:
D:3 2 runed translucent doors, AttackTheMoon's ghost, amateur HOMo


Innate Abilities, Weirdness & Mutations

You are too large for most types of armour.
You have claws for hands.
Your natural rate of healing is unusually fast.
You are covered in fur. (AC +1)
You have tough skin. (AC +1)


Message History

* * * LOW HITPOINT WARNING * * *
You mangle the mummy!!
You destroy the mummy!
Unknown command.
Unknown command.
You mangle Menkaure!!
Menkaure is severely damaged.
Menkaure barely misses you.
Unknown command.
You claw Menkaure!
You destroy Menkaure!
You have reached level 7!
The sentinel's mark upon you fades away.
A mummy comes into view.
A mummy is nearby!
A mummy is nearby!
A mummy is nearby!
A mummy is nearby!
A mummy is nearby!
You are too injured to fight recklessly!
You are too injured to fight recklessly!
The mummy hits you!
* * * LOW HITPOINT WARNING * * *
You barely miss the mummy. You barely miss the mummy. The mummy hits you!
* * * LOW HITPOINT WARNING * * *
You barely miss the mummy. You scratch the mummy but do no damage.
The mummy hits you.
* * * LOW HITPOINT WARNING * * *
Okay, then.
You closely miss the mummy. You claw the mummy!
The mummy is severely damaged.
The mummy barely misses you.
You closely miss the mummy.
The mummy is severely damaged.
You scratch the mummy.
The mummy is almost destroyed.
The mummy hits you!
You die...

##..##..##....##^.##
##..##..##..##..##..#
##..##..##..####..##..
##..##..##..## ##..##.
##..##..##..## ##..##
##..##..##..## ##..#
##..##..##..## ##..
##..##..##..## ##. ##^.##..##.@##
## ##..##..##^M## # ##..##..##...
##..##..#######################
##..##..........................
##..#############################
#................................
#################################


You could see a mummy.

Vanquished Creatures
  Eustachio (D:4)
  Menkaure (Ossuary)
  A necrophage (D:4)
  3 mummies
  4 adders
  A worm (D:2)
  A dart slug (D:3)
  4 orcs
  4 ball pythons
  5 bats
  6 endoplasms
  4 giant cockroaches
  7 gnoll zombies (Ossuary)
  8 goblins
  10 hobgoblins
  3 jackals (D:2)
  A quokka (D:1)
  3 frilled lizards
  A gnoll skeleton (Ossuary)
  5 goblin skeletons (Ossuary)
  3 goblin zombies (Ossuary)
  A hobgoblin skeleton (Ossuary)
  2 hobgoblin zombies (Ossuary)
  8 kobolds
  11 kobold skeletons (Ossuary)
  A kobold zombie (Ossuary)
  3 orc skeletons (Ossuary)
  8 orc zombies (Ossuary)
  5 rats
  4 rat skeletons (Ossuary)
  3 rat zombies (Ossuary)
122 creatures vanquished.

Notes
Turn   | Place    | Note
-------+----------+-------------------------------------------
     0 | D:1      | lunkers the Troll Cinder Acolyte began the quest for the
                  | Orb.
     0 | D:1      | Reached XP level 1. HP: 22/22 MP: 1/1
   123 | D:1      | Reached XP level 2. HP: 29/29 MP: 2/2
   341 | D:1      | Found a faded altar of an unknown god.
   685 | D:2      | Found Kiunwal's Book Emporium.
   713 | D:2      | Reached XP level 3. HP: 36/36 MP: 3/3
   773 | D:2      | Reached skill level 4 in Unarmed Combat
   980 | D:2      | Found Perhar's Antique Weapon Emporium.
  1054 | D:2      | Reached XP level 4. HP: 45/45 MP: 4/4
  1159 | D:2      | Found Vurracuti's Book Emporium.
  1232 | D:2      | Found an ornate altar of the Wu Jian Council.
  1564 | D:3      | Found a large runed translucent door.
  1566 | D:3      | Found a large runed translucent door.
  1570 | D:3      | Noticed AttackTheMoon's ghost (amateur HOMo)
  2032 | D:4      | Noticed a necrophage
  2032 | D:4      | Noticed Eustachio
  2052 | D:4      | Killed a necrophage
  2053 | D:4      | Reached skill level 5 in Unarmed Combat
  2053 | D:4      | Reached XP level 5. HP: 45/53 MP: 5/5
  2065 | D:4      | Killed Eustachio
  2066 | D:4      | Reached skill level 6 in Unarmed Combat
  2066 | D:4      | Reached XP level 6. HP: 37/62 MP: 6/6
  2198 | D:4      | Found a sand-covered staircase.
  2204 | D:4      | Identified the ring of Anlok {rC+ Will+ Dex+6}
  2219 | Ossuary  | Entered an ossuary
  2511 | Ossuary  | Noticed Menkaure
  2518 | Ossuary  | Killed Menkaure
  2519 | Ossuary  | Reached XP level 7. HP: 18/70 MP: 7/7
  2523 | Ossuary  | HP: 2/70 [mummy (15)]
  2529 | Ossuary  | Mangled by a mummy

Illustrated notes

Levels and vault maps discovered:
D:1:      amcnicky_arrival_blooded_trapdoor, layout_loops_cross,
          ebering_ecumenical_altar_rust, serial_glass, glass_columns_a,
          glass_columns_a, glass_columns_a, glass_columns_a, glass_columns_a,
          glass_columns_c, glass_columns_a, glass_columns_a, glass_columns_a,
          glass_columns_c, minmay_strange_pillars
D:2:      layout_basic, basic_altar, serial_shops, shop,
          nicolae_shop_statue_plus, nicolae_shop_window_shopping,
          guppyfry_early_orc_mine
D:3:      layout_loops_ring, ebering_ghost_disaster_area
D:4:      layout_gridville, gup_ossuary_entry_pyramid, minmay_checkerbox,
          uniq_ijyb, uniq_pikel, uniq_eustachio
Ossuary:  ossuary_due_pyramid

Skill      XL: |  1  2  3  4  5  6 |
---------------+-------------------+-----
Unarmed Combat | 4 5 6 |  6.7
Fighting       | 3 4 |  4.3
Spellcasting   | |  1.0
Fire Magic     | |  2.1

Action                   |  1- 3 |  4- 6 |  7- 9 || total
-------------------------+-------+-------+-------++-------
Melee: Unarmed           |   114 |   177 |     8 ||   299
       Punch             |     1 |     2 |       ||     3
Armor: Robe              |    40 |    46 |       ||    86
Dodge: Dodged            |    43 |    62 |     1 ||   106

Table legend: (Time is in decaauts)
 A = Elapsed time spent in this place.
 B = Non-inter-level travel time spent in this place.
 C = Inter-level travel time spent in this place.
 D = Time resting spent in this place.
 E = Time spent auto-exploring this place.
 F = Levels seen in this place.
 G = Mean time per level.
                   A        B        C        D        E       F      G
               +--------+--------+--------+--------+--------+-----+--------+
         Total |   2500 |   2446 |     54 |     19 |   1771 |   5 |  500.0 |
       Dungeon |   2202 |   2148 |     54 |     19 |   1661 |   4 |  550.5 |
       Ossuary |    298 |    298 |      0 |      0 |    110 |   1 |  298.0 |
               +--------+--------+--------+--------+--------+-----+--------+

Top non-repeatable levels by time:
     D:2: 683 daAuts
     D:1: 644 daAuts
     D:3: 630 daAuts
 Ossuary: 298 daAuts
     D:4: 244 daAuts
